 Dungeon Crawl Stone Soup version 0.31.0-32-g396128a36d (webtiles) character file.

Game seed: 1725636860620823410

140 0gre the Chiller (level 5, -6/37 HPs)
             Began as a Gnoll Ice Elementalist on Apr 7, 2024.
             Was an Initiate of Ashenzari.
             Mangled by Grinder (9 damage)
             ... on level 3 of the Dungeon.
             The game lasted 00:12:12 (2274 turns).

0gre the Chiller (Gnoll Ice Elementalist)           Turns: 2274, Time: 00:12:13

Health: -6/37      AC:  3    Str:  7    XL:     5   Next: 22%
Magic:  3/12       EV: 14    Int: 14    God:    Ashenzari [......]
Gold:   107        SH:  0    Dex: 15    Spells: 7/14 levels left

rFire   . . .        a - +0 long sword
rCold   . . .        (no shield)
rNeg    . . .        q - +0 robe
rPois   .            h - +0 helmet
rElec   .            (no cloak)
rCorr   .            (no gloves)
SInv    .            (no boots)
Will    .....        (no amulet)
Stlth   +++          (no ring)
HPRegen 0.26/turn    (no ring)
MPRegen 0.13/turn

%: no passive effects
@: no status effects
A: fangs 1, strong nose, distributed training
a: Renounce Religion


You were on level 3 of the Dungeon.
You worshipped Ashenzari.
Ashenzari was noncommittal.
You visited 1 branch of the dungeon, and saw 3 of its levels.

You collected 179 gold pieces.
You spent 72 gold pieces at shops.

Inventory:

Hand Weapons
 a - a +0 long sword (weapon)
 b - a +0 sling
 c - a +0 trident
Armour
 h - a +0 helmet (worn)
 q - a +0 robe (worn)
Scrolls
 d - a scroll of teleportation {unknown}
 f - a scroll of fear {unknown}
 g - 2 scrolls of revelation {unknown}
 j - a scroll of acquirement {unknown}
 k - a scroll of blinking {unknown}
 p - a scroll of fog {unknown}
Potions
 e - 2 potions of invisibility
 i - a potion of resistance {unknown}
 l - a potion of haste
 m - a potion of magic
 o - a potion of lignification


   Skills:
 + Level 1.4 Fighting
 + Level 1.4 Short Blades
 + Level 1.4 Long Blades
 + Level 1.4 Axes
 + Level 1.4 Maces & Flails
 + Level 1.4 Polearms
 + Level 1.4 Staves
 + Level 1.4 Ranged Weapons
 + Level 1.4 Throwing
 + Level 1.4 Armour
 + Level 4.8 Dodging
 + Level 4.4 Stealth
 + Level 1.4 Shields
 + Level 1.4 Unarmed Combat
 + Level 5.2 Spellcasting
 + Level 1.1 Conjurations
 + Level 1.1 Hexes
 + Level 1.1 Summonings
 + Level 1.1 Necromancy
 + Level 1.1 Translocations
 + Level 1.1 Fire Magic
 + Level 7.2 Ice Magic
 + Level 1.1 Air Magic
 + Level 1.1 Earth Magic
 + Level 1.1 Alchemy
 + Level 1.6 Invocations
 + Level 1.4 Evocations
 + Level 1.3 Shapeshifting


You had 7 spell levels left.
You knew the following spells:

 Your Spells              Type           Power      Damage    Failure   Level
a - Freeze                Ice            92%        1d9       1%          1
b - Frozen Ramparts       Ice            46%        1d7       2%          3
c - Summon Ice Beast      Ice/Summ       15%        N/A       9%          3

Your spell library contained the following spells:

 Spells                   Type           Power      Damage    Failure   Level
 Ozocubu's Armour         Ice            23%        N/A       2%          3


Dungeon Overview and Level Annotations

Branches:
Dungeon (3/15)

Altars:
Ashenzari
Kikubaaqudgha
Nemelex Xobeh
Okawaru

Shops:
D:3 ?

Annotations:
D:3 Grinder


Innate Abilities, Weirdness & Mutations

You have very sharp teeth.
Your uncanny sense of smell can sniff out nearby items.
Your experience applies equally to all skills.


Message History

Your ice beast hits Grinder but does no damage.
Grinder blinks!
Your ice beast hits Grinder but does no damage.
Grinder blinks!
Grinder gestures at you.
You barely resist.
Grinder blinks!
You barely miss Grinder.
Grinder is heavily wounded.
Grinder hits you.
You writhe in agony.
* * * LOW HITPOINT WARNING * * *
Your ice beast hits Grinder.
Your ice beast freezes Grinder.
Grinder resists.
You slash Grinder!
Grinder is almost dead.
Grinder closely misses you.
Your ice beast closely misses Grinder.
You closely miss Grinder. Your bite misses Grinder.
Grinder is almost dead.
Grinder hits you.
* * * LOW HITPOINT WARNING * * *
Your ice beast hits Grinder but does no damage.
Grinder gestures at you.
You suddenly lose the ability to move!
Your ice beast closely misses Grinder.
Grinder gestures at you. Pain shoots through your body!
* * * LOW HITPOINT WARNING * * *
Your ice beast hits Grinder.
Your ice beast freezes Grinder.
Grinder resists.
You can move again.
You barely miss Grinder. You punch Grinder, but do no damage.
Grinder is almost dead.
Grinder gestures at you. You resist with significant effort.
Your ice beast barely misses Grinder.
Casting: Summon Ice Beast (dangerous; 9% risk of failure)
Confirm with . or Enter, or press ? or * to list all spells.
Aiming: Freeze (safe; 1% risk of failure)
Press: ? - help, Shift-Dir - straight line, f - Grinder
Aim: Grinder (almost dead, ally target)
You freeze Grinder but do no damage.
Grinder completely resists.
Grinder hits you!
You die...
Grinder says, "Hey, I wasn't done torturing you yet!"

#. #.#..#<# #
#.#..#.# ..
#.#.#..#.# ...
#.#.#..#.# ....
#.#.#†.#.# .....
#.#......##......
##.###............
#.....#####.......
#....@............
#...5Y#####.......
#.....# .......
#.....# .......
#.....# .......
####### ......>


You could see Grinder (ally target) and a friendly ice beast (summoned).

Vanquished Creatures
  Jessica (D:2)
  Robin (D:2)
  4 adders
  A dart slug (D:2)
  2 ribbon worms (D:2)
  4 orcs (D:3)
  4 endoplasms
  3 giant cockroaches (D:1)
  6 hobgoblins
  3 jackals (D:3)
  4 kobolds
  2 ball pythons
  6 bats
  3 frilled lizards
  13 goblins
  A rat (D:1)
58 creatures vanquished.

Notes
Turn   | Place    | Note
-------+----------+-------------------------------------------
     0 | D:1      | 0gre the Gnoll Ice Elementalist began the quest for the
                  | Orb.
     0 | D:1      | Reached XP level 1. HP: 13/13 MP: 6/6
   158 | D:1      | Reached XP level 2. HP: 18/19 MP: 5/7
   351 | D:1      | You fall into a shaft and drop 1 floor!
   561 | D:2      | HP: 1/20 [ribbon worm (3)]
   671 | D:2      | Reached skill level 5 in Spellcasting
   671 | D:2      | Reached XP level 3. HP: 25/25 MP: 7/9
   675 | D:2      | Learned a level 3 spell: Frozen Ramparts
   695 | D:2      | Found a faded altar of an unknown god.
   955 | D:2      | Found a sparkling altar of Nemelex Xobeh.
  1055 | D:2      | Reached skill level 1 in Invocations
  1226 | D:2      | Noticed Jessica
  1235 | D:2      | Killed Jessica
  1236 | D:2      | Reached skill level 1 in Fighting
  1236 | D:2      | Reached skill level 1 in Short Blades
  1236 | D:2      | Reached skill level 1 in Long Blades
  1236 | D:2      | Reached skill level 1 in Axes
  1236 | D:2      | Reached skill level 1 in Maces & Flails
  1236 | D:2      | Reached skill level 1 in Polearms
  1236 | D:2      | Reached skill level 1 in Staves
  1236 | D:2      | Reached skill level 1 in Ranged Weapons
  1236 | D:2      | Reached skill level 1 in Throwing
  1236 | D:2      | Reached skill level 1 in Armour
  1236 | D:2      | Reached skill level 1 in Shields
  1236 | D:2      | Reached skill level 1 in Unarmed Combat
  1236 | D:2      | Reached skill level 1 in Evocations
  1236 | D:2      | Reached skill level 1 in Shapeshifting
  1236 | D:2      | Reached XP level 4. HP: 25/32 MP: 7/11
  1345 | D:2      | Noticed Robin
  1357 | D:2      | Killed Robin
  1358 | D:2      | Reached skill level 1 in Conjurations
  1358 | D:2      | Reached skill level 1 in Hexes
  1358 | D:2      | Reached skill level 1 in Summonings
  1358 | D:2      | Reached skill level 1 in Necromancy
  1358 | D:2      | Reached skill level 1 in Translocations
  1358 | D:2      | Reached skill level 1 in Fire Magic
  1358 | D:2      | Reached skill level 1 in Air Magic
  1358 | D:2      | Reached skill level 1 in Earth Magic
  1358 | D:2      | Reached skill level 1 in Alchemy
  1527 | D:3      | Found an ancient bone altar of Kikubaaqudgha.
  1680 | D:3      | Reached XP level 5. HP: 37/37 MP: 8/12
  1684 | D:3      | Found an iron altar of Okawaru.
  1711 | D:3      | Found Dappeapsuo's Magic Scroll Shop.
  1717 | D:3      | Bought a scroll of identify for 24 gold pieces
  1717 | D:3      | Bought a scroll of identify for 24 gold pieces
  1717 | D:3      | Bought a scroll of identify for 24 gold pieces
  1817 | D:3      | Found a broken altar of Ashenzari.
  1825 | D:3      | Became a worshipper of Ashenzari the Shackled
  2198 | D:3      | Noticed Grinder
  2208 | D:3      | Learned a level 3 spell: Summon Ice Beast
  2271 | D:3      | Paralysed by Grinder for 2 turns
  2274 | D:3      | Mangled by Grinder

Illustrated notes

Levels and vault maps discovered:
D:1:      giann_bridges, layout_rooms, wander_ebering_terrifying_dragon_lair
D:2:      layout_loops_corners, basic_altar, ebering_ecumenical_altar_box,
          uniq_jessica, uniq_robin
D:3:      layout_basic, nicolae_kikubaaqudgha_miasma_corner, okawaru_trees_2,
          mainiacjoe_overflow_alcove_1, serial_shops, shop,
          nicolae_concentric_dashed_squares_mild, uniq_grinder

Skill      XL: |  1  2  3  4 |
---------------+-------------+-----
Spellcasting   | 5 |  5.2
Invocations    | 1 |  1.6
Fighting       | 1 |  1.4
Short Blades   | 1 |  1.4
Long Blades    | 1 |  1.4
Axes           | 1 |  1.4
Maces & Flails | 1 |  1.4
Polearms       | 1 |  1.4
Staves         | 1 |  1.4
Ranged Weapons | 1 |  1.4
Throwing       | 1 |  1.4
Armour         | 1 |  1.4
Shields        | 1 |  1.4
Unarmed Combat | 1 |  1.4
Evocations     | 1 |  1.4
Shapeshifting  | 1 |  1.3
Conjurations   | 1 |  1.1
Hexes          | 1 |  1.1
Summonings     | 1 |  1.1
Necromancy     | 1 |  1.1
Translocations | 1 |  1.1
Fire Magic     | 1 |  1.1
Air Magic      | 1 |  1.1
Earth Magic    | 1 |  1.1
Alchemy        | 1 |  1.1
Dodging        | |  4.8
Stealth        | |  4.4
Ice Magic      | |  7.2

Action                     |  1- 3 |  4- 6 || total
---------------------------+-------+-------++-------
  Melee: Dagger            |    15 |       ||    15
         Bite              |     7 |       ||     7
         Trident           |    35 |    15 ||    50
         Punch             |     1 |     1 ||     2
         Long sword        |       |    11 ||    11
   Fire: Sling             |       |    31 ||    31
   Cast: Freeze            |    15 |     4 ||    19
         Frozen Ramparts   |     3 |     9 ||    12
         Summon Ice Beast  |       |     3 ||     3
    Use: Scroll            |       |     5 ||     5
         Potion            |       |     2 ||     2
   Stab: Sleeping          |     6 |       ||     6
         Distracted        |       |     1 ||     1
 Armour: Robe              |    38 |    17 ||    55
  Dodge: Dodged            |    32 |    15 ||    47
